 Dungeon Crawl Stone Soup version 0.30.1-4-g462c640d31 (webtiles) character file.

Game seed: 5834179671033683576

6 Babbit the Grave Robber (level 1, -1/14 HPs)
             Began as a Ghoul Necromancer on Sept 19, 2023.
             Killed from afar by Sigmund (12 damage)
             ... with a puff of flame
             ... on level 2 of the Dungeon.
             The game lasted 00:02:49 (989 turns).

Babbit the Grave Robber (Ghoul Necromancer)          Turns: 989, Time: 00:02:49

Health: -1/14      AC:  2    Str: 11    XL:     1   Next: 90%
Magic:  1/2        EV: 12    Int: 10    God:
Gold:   76         SH:  0    Dex:  9    Spells: 2/3 levels left

rFire   . . .        (no weapon)
rCold   + . .        (no shield)
rNeg    + + +        a - +0 robe
rPois   ∞            (no helmet)
rElec   .            (no cloak)
rCorr   +            (no gloves)
SInv    .            (no boots)
Will    .....        (no amulet)
Stlth   ++           h - ring of resist corrosion
HPRegen 0.00/turn    (no ring)
MPRegen 0.08/turn

%: no passive effects
@: inhibited regen
A: claws 1, cold resistance 1, negative energy resistance 3, inhibited
regeneration, torment resistance 2, devour on kill
a: no special abilities


You were on level 2 of the Dungeon.
You visited 1 branch of the dungeon, and saw 2 of its levels.

You collected 76 gold pieces.

Inventory:

Armour
 a - a +0 robe (worn)
Jewellery
 h - a ring of resist corrosion (left claw)
Scrolls
 f - a scroll of immolation {unknown}
 g - a scroll of blinking {unknown}
 i - a scroll of fear {unknown}
Potions
 b - 2 potions of magic
 c - a potion of mutation
 d - a potion of might
 j - a potion of attraction {unknown}


   Skills:
 + Level 1.8 Dodging
 + Level 2.2 Stealth
 + Level 1.7 Spellcasting
 + Level 4.3 Necromancy


You had 2 spell levels left.
You knew the following spells:

 Your Spells              Type           Power      Damage    Failure   Level
a - Necrotise             Necr           36%        1d5       5%          1

Your spell library contained the following spells:

 Spells                   Type           Power      Damage    Failure   Level
 Vampiric Draining        Necr           9%         2d6       17%         3
 Animate Dead             Necr           9%         N/A       50%         4
 Agony                    Necr           9%         N/A       83%         5


Dungeon Overview and Level Annotations

Branches:
Dungeon (2/15)

Altars:
Wu Jian

Annotations:
D:2 Sigmund


Innate Abilities, Weirdness & Mutations

You are immune to poison.
You have sharp fingernails.
Your flesh is cold resistant. (rC+)
You are immune to negative energy. (rN+++)
You do not regenerate when monsters are visible.
You are immune to unholy pain and torment.
You thrive by killing the living.


Message History

Are you sure you want to stumble around while confused and next to your frilled lizard skeleton?
Okay, then.
Are you sure you want to stumble around while confused and next to your frilled lizard skeleton? [Y]es or [N]o only, please.
Are you sure you want to stumble around while confused and next to your frilled lizard skeleton? [Y]es or [N]o only, please.
Are you sure you want to stumble around while confused and next to your frilled lizard skeleton?
Okay, then.
No other quiver actions available for cycling.
No other quiver actions available for cycling.
No other quiver actions available for cycling.
You're too confused to cast spells.
Are you sure you want to stumble around while confused and next to your frilled lizard skeleton?
Uppercase [Y]es or [N]o only, please.
Are you sure you want to stumble around while confused and next to your frilled lizard skeleton? [Y]es or [N]o only, please.
Are you sure you want to stumble around while confused and next to your frilled lizard skeleton?
You miss Sigmund.
You feel less confused. Sigmund closely misses you.
Sigmund barely misses your frilled lizard skeleton.
Your frilled lizard skeleton closely misses Sigmund.
Your frilled lizard skeleton bites Sigmund but does no damage.
Sigmund casts a spell at you.
The puff of flame hits your frilled lizard skeleton!
Your frilled lizard skeleton is destroyed!
Aiming: Necrotise (safe; 5% risk of failure)
Press: ? - help, Q - select action Shift-Dir - straight line, f - Sigmund
Aim: Sigmund, wielding a +0 scythe of protection and wearing a +0 robe (chance to affect: 69%) Sigmund writhes in agony.
Sigmund barely misses you.
You closely miss Sigmund.
Sigmund is lightly wounded.
Sigmund misses you.
You closely miss Sigmund.
Sigmund is lightly wounded.
Sigmund points at you and mumbles some strange words.
The puff of flame hits you!
Ouch! That really hurt!
You die...

.......#...##
.............##
.........#.#..##
...........(....
..............
...........#
.._.....<..#
......@#..##
.......@...##..
#####....#...#
#.......#.#
#...#..>.<...
....#?..........
....#........#.#
... #........# .
.. .........#
##...#..#.#


You could see Sigmund.

Vanquished Creatures
  A ball python (D:1)
  A hobgoblin (D:1)
  A bat (D:1)
  2 frilled lizards
  A kobold (D:1)
  A rat (D:1)
7 creatures vanquished.

Notes
Turn   | Place    | Note
-------+----------+-------------------------------------------
     0 | D:1      | Babbit the Ghoul Necromancer began the quest for the Orb.
     0 | D:1      | Reached XP level 1. HP: 14/14 MP: 2/2
   972 | D:2      | Noticed Sigmund
   972 | D:2      | Found an ornate altar of the Wu Jian Council.
   989 | D:2      | Killed from afar by Sigmund

Illustrated notes

Levels and vault maps discovered:
D:1:      psy_arrival_conway, layout_loops_corners, feat_on_display
D:2:      layout_rooms, basic_altar, minmay_pentomino_w2, uniq_sigmund

Action                     || total
---------------------------++-------
  Melee: Unarmed           ||     7
   Cast: Necrotise         ||    10
    Use: Scroll            ||     2
  Dodge: Dodged            ||     8
